 Dungeon Crawl Stone Soup version 0.30.1-11-g7821555f0a (webtiles) character file.

Game seed: 7971123769039520141

525 lonewolfV2 the Ducker (level 7, -6/56 HPs)
             Began as a Demonspawn Fighter on Nov 6, 2023.
             Mangled by an ice beast (14 damage)
             ... on level 5 of the Dungeon.
             The game lasted 00:09:12 (3227 turns).

lonewolfV2 the Ducker (Demonspawn Fighter)          Turns: 3227, Time: 00:09:13

Health: -6/56      AC:  7    Str: 19    XL:     7   Next: 2%
Magic:  7/7        EV: 11    Int:  9    God:
Gold:   163        SH:  5    Dex: 12    Spells: 6/6 levels left

rFire   . . .        a - +2 war axe
rCold   . . .        c - +1 buckler
rNeg    . . .        b - +0 scale mail
rPois   .            (no helmet)
rElec   .            (no cloak)
rCorr   .            e - +0 pair of gloves
SInv    .            (no boots)
Will    .....        (no amulet) Stlth
                     (no ring)
HPRegen 0.29/turn    (no ring)
MPRegen 0.10/turn

%: no passive effects
@: no status effects
A: claws 1, demonic magic 1
a: no special abilities


You were on level 5 of the Dungeon.
You visited 1 branch of the dungeon, and saw 5 of its levels.

You collected 163 gold pieces.

Inventory:

Hand Weapons
 a - a +2 war axe (weapon)
Armour
 b - a +0 scale mail (worn)
 c - a +1 buckler (worn)
 e - a +0 pair of gloves (worn)
Scrolls
 d - a scroll of teleportation
 h - 2 scrolls of immolation
 j - a scroll of amnesia
Potions
 f - a potion of curing {unknown}
 g - 2 potions of cancellation
 i - a potion of flight {unknown}


   Skills:
 + Level 5.1 Fighting
 - Level 1.7 Axes
 - Level 2.6 Armour
 * Level 5.4 Dodging
 - Level 2.6 Shields


You had 6 spell levels left.
You didn't know any spells.
Your spell library contained the following spells:

 Spells                   Type           Power      Damage    Failure   Level
 Cigotuvi's Dreadful Rot  Necr/Pois/Air  0%         N/A       93%         2
 Ignite Poison            Fire/Tmut/Pois 0%         N/A       99%         3
 Sticky Flame             Conj/Fire      0%         2d3       100%        4
 Freezing Cloud           Conj/Ice/Air   0%         6-21      100%        5
 Ignition                 Fire           0%         3d3       100%        8


Dungeon Overview and Level Annotations

Branches:
Dungeon (6/15)
 Temple: D:4-7

Altars:
Dithmenos
Nemelex Xobeh
Trog

Annotations:
D:1 2 transporters


Innate Abilities, Weirdness & Mutations

You have sharp fingernails.
Spells you cast may paralyse adjacent enemies.


Message History

The hound stops to sniff the ground.
The hound closely misses you. You block the hound's attack.
You barely miss the hound.
The hound is heavily wounded.
You block the hound's attack. The hound bites you but does no damage.
You slash the hound!
You kill the hound!
You have reached level 7!
d - a scroll of teleportation
Found 6 stones.
An ice beast comes into view.
The ice beast barely misses you.
You hit the ice beast.
The ice beast is lightly wounded.
The ice beast hits you. The ice beast freezes you!
You closely miss the ice beast.
The ice beast is lightly wounded.
The ice beast barely misses you. The ice beast hits you.
The ice beast freezes you.
You closely miss the ice beast.
The ice beast is lightly wounded.
The ice beast hits you but does no damage.
You hit the ice beast.
The ice beast is lightly wounded.
You block the ice beast's attack. The ice beast hits you.
The ice beast freezes you!
You hit the ice beast.
The ice beast is lightly wounded.
The ice beast hits you. The ice beast freezes you!
* * * LOW HITPOINT WARNING * * *
You hit the ice beast.
The ice beast is moderately wounded.
The ice beast barely misses you.
The ice beast hits you but does no damage.
You barely miss the ice beast.
The ice beast is moderately wounded.
The ice beast hits you.
* * * LOW HITPOINT WARNING * * *
The ice beast freezes you!
You die...

....##
#.#.....#.#..
......##.#.....#
.........###.###
######.........
#####..#..#..#
#.........##..#
#..........##.#
#.......#...#.#
###.Y@.###..#
#.##.(..... ...
.###..# ..... .#
. ...... ..
##..# .. #.. .##
..


You could see an ice beast.

Vanquished Creatures
  Menkaure (D:6)
  A bullfrog (D:6)
  2 hounds
  An orc priest (D:3)
  Jessica (D:3)
  An iguana (D:6)
  2 orc wizards (D:3)
  7 adders
  3 worms (D:3)
  A dart slug (D:3)
  6 orcs
  6 ball pythons
  6 endoplasms
  5 giant cockroaches
  5 hobgoblins
  6 jackals
  9 kobolds
  3 quokkas
  5 bats
  A frilled lizard (D:1)
  4 goblins
  4 rats
80 creatures vanquished.

Notes
Turn   | Place    | Note
-------+----------+-------------------------------------------
     0 | D:1      | lonewolfV2 the Demonspawn Fighter began the quest for the
                  | Orb.
     0 | D:1      | Reached XP level 1. HP: 18/18 MP: 1/1
   129 | D:1      | Reached skill level 1 in Dodging
   165 | D:1      | Gained mutation: Spells you cast may paralyse adjacent
                  | enemies. [demonic ancestry]
   165 | D:1      | Reached XP level 2. HP: 24/24 MP: 2/2
  1067 | D:2      | Gained mutation: You have sharp fingernails. [demonic
                  | ancestry]
  1067 | D:2      | Reached XP level 3. HP: 22/29 MP: 3/3
  1284 | D:2      | Reached XP level 4. HP: 35/37 MP: 4/4
  1461 | D:2      | Found a faded altar of an unknown god.
  2192 | D:3      | Noticed Jessica
  2200 | D:3      | Killed Jessica
  2201 | D:3      | Reached XP level 5. HP: 27/42 MP: 5/5
  2551 | D:3      | Found a bloodstained altar of Trog.
  2574 | D:3      | Identified the +0 leather armour "Wyveag" {Str+3}
  2605 | D:3      | Found a sparkling altar of Nemelex Xobeh.
  2622 | D:3      | You fall into a shaft and drop 3 floors!
  2677 | D:6      | Reached XP level 6. HP: 44/49 MP: 6/6
  2900 | D:6      | Noticed Menkaure
  2905 | D:6      | Killed Menkaure
  2906 | D:6      | Reached skill level 5 in Fighting
  2906 | D:6      | Reached skill level 5 in Dodging
  3143 | D:6      | Found a shadowy altar of Dithmenos.
  3201 | D:5      | Entered Level 5 of the Dungeon
  3207 | D:5      | Reached XP level 7. HP: 56/56 MP: 7/7
  3227 | D:5      | Mangled by an ice beast

Illustrated notes

Levels and vault maps discovered:
D:1:      spicycebolla_arrival_transporter_tutorial, layout_basic,
          palyth_stone_intersect
D:2:      layout_basic, chequers_ecumenical_altar_simple
D:3:      layout_basic, mainiacjoe_overflow_surrounded_room,
          nemelex_spade_bored_becter, grunt_ministairs_7, uniq_jessica,
          uniq_grinder
D:5:      layout_rooms, st_stairs_3
D:6:      layout_loops_corners, grunt_dithmenos_smoke,
          chequers_temple_overflow_statue_of_worship,
          minmay_temple_entry_large_hall, uniq_menkaure

Skill      XL: |  1  2  3  4  5  6 |
---------------+-------------------+-----
Dodging        | 1 2 3 4 5 |  5.4
Fighting       | 4 5 |  5.1
Axes           | |  1.7
Armour         | |  2.6
Shields        | |  2.6

Action                     |  1- 3 |  4- 6 |  7- 9 || total
---------------------------+-------+-------+-------++-------
  Melee: War axe           |   101 |   135 |     7 ||   243
    Use: Scroll            |     3 |     4 |       ||     7
         Potion            |       |     1 |       ||     1
 Armour: Scale mail        |    72 |    72 |     2 ||   146
  Dodge: Dodged            |    72 |    84 |     3 ||   159
  Block: Buckler           |    35 |    45 |     1 ||    81
